 Dungeon Crawl Stone Soup version 0.31-a0-1019-g3dd9dd1025 (webtiles) character file.

Game seed: 12857595071625505036

4881 Ivernyr the Cruncher (level 10, -10/80 HPs)
             Began as a Formicid Fighter on Nov 17, 2023.
             Was a Follower of Wu Jian.
             Mangled by a wyvern (13 damage)
             ... on level 9 of the Dungeon.
             The game lasted 00:12:58 (7092 turns).

Ivernyr the Cruncher (Formicid Fighter)             Turns: 7092, Time: 00:12:59

Health: -10/80     AC:  6    Str: 24    XL:     10   Next: 79%
Magic:  10/10      EV: 10    Int:  9    God:    Wu Jian [*.....]
Gold:   319        SH:  6    Dex: 13    Spells: 9/9 levels left

rFire   + . .        a - +9 scimitar "Nuhekk" {speed, Will+}
rCold   . . .        c - +0 buckler
rNeg    . . .        b - +0 troll leather armour
rPois   .            (helmet unavailable)
rElec   .            u - +0 cloak
rCorr   .            (no gloves)
SInv    +            e - +0 pair of boots
Will    ++...        B - amulet of regeneration
Stlth   +            y - ring of protection from fire
HPRegen 1.93/turn    (no ring)
MPRegen 0.12/turn

%: no passive effects
@: no status effects
A: permanent stasis, dig shafts and tunnels, antennae 3, four strong arms
a: Dig, Shaft Self, Renounce Religion


You were on level 9 of the Dungeon.
You worshipped Wu Jian.
Wu Jian was aware of your devotion.
You visited 2 branches of the dungeon, and saw 10 of its levels.

You collected 319 gold pieces.

Inventory:

Hand Weapons
 a - the +9 scimitar "Nuhekk" (weapon) {speed, Will+}
   (You found it on level 5 of the Dungeon)

   Will+:     It increases your willpower.
Missiles
 O - a throwing net
Armour
 b - a +0 troll leather armour (worn)
 c - a +0 buckler (worn)
 e - a +0 pair of boots (worn)
 u - a +0 cloak (worn)
Jewellery
 y - a ring of protection from fire (left hand)
 B - an amulet of regeneration (around neck)
Wands
 s - a wand of flame (21)
 v - a wand of polymorph (9)
 C - a wand of charming (9)
Scrolls
 f - 3 scrolls of vulnerability {unknown}
 h - 2 scrolls of noise {unknown}
 k - a scroll of enchant weapon {unknown}
 l - 5 scrolls of identify {unknown}
 n - a scroll of torment {unknown}
 q - 2 scrolls of fog {unknown}
 r - a scroll of blinking {unknown}
 t - 5 scrolls of teleportation {unknown}
 w - 2 scrolls of enchant armour {unknown}
 A - a scroll of brand weapon {unknown}
 D - 3 scrolls of revelation {unknown}
 E - a scroll of acquirement {unknown}
 F - a scroll of summoning {unknown}
 G - 2 scrolls of fear {unknown}
 I - 3 scrolls of immolation {unknown}
 L - 2 scrolls of poison {unknown}
Potions
 d - 2 potions of might
 g - 3 potions of ambrosia {unknown}
 i - a potion of resistance {unknown}
 j - a potion of brilliance {unknown}
 m - a potion of attraction {unknown}
 o - 4 potions of heal wounds {unknown}
 p - a potion of mutation {unknown}
 x - a potion of berserk rage {unknown}
 z - 2 potions of curing {unknown}
 H - a potion of enlightenment {unknown}
 J - a potion of lignification {unknown}
 K - a potion of degeneration {unknown}
 M - a potion of haste {unknown}
 N - a potion of invisibility {unknown}


   Skills:
 + Level 8.2 Fighting
 * Level 9.9 Staves
 + Level 8.2 Armour
 + Level 9.7 Shields


You had 9 spell levels left.
You didn't know any spells.
Your spell library contained the following spells:

 Spells                   Type           Power      Damage    Failure   Level
 Kiss of Death            Conj/Necr      0%         2d5       45%         1
 Magic Dart               Conj           0%         1d3       45%         1
 Poisonous Vapours        Pois/Air       0%         N/A       61%         2
 Scorch                   Fire           0%         2d5       61%         2
 Searing Ray              Conj           0%         2d4       61%         2
 Confusing Touch          Hex            0%         N/A       83%         3
 Hailstorm                Conj/Ice       0%         3d3       83%         3
 Mephitic Cloud           Conj/Pois/Air  0%         N/A       83%         3
 Dispel Undead            Necr           0%         3d6       99%         4
 Flame Wave               Conj/Fire      0%         2d4       99%         4
 Fulminant Prism          Conj/Hex       0%         3d5       99%         4
 Summon Ice Beast         Ice/Summ       0%         N/A       99%         4
 Freezing Cloud           Conj/Ice/Air   0%         6-21      100%        5
 Simulacrum               Ice/Necr       0%         N/A       100%        6
 Summon Cactus Giant      Summ           0%         N/A       100%        6


Dungeon Overview and Level Annotations

Branches:
Dungeon (9/15)             Temple (1/1) D:6
   Lair: D:8-11         Orc: D:9-12

Altars:
Ashenzari
Cheibriados
Dithmenos
Elyvilon
Fedhas
Kikubaaqudgha
Makhleb
Nemelex Xobeh
Okawaru
Qazlal
Ru
Sif Muna
Trog
Uskayaw
Wu Jian
Xom
Yredelemnul
Zin
The Shining One

Shops:
D:6 !?

Annotations:
D:6 2 transporters
D:8 2 runed translucent doors, Ivernyr's ghost, novice FoFi


Innate Abilities, Weirdness & Mutations

You cannot be hasted, slowed, berserked, paralysed or teleported.
You can dig through walls and to a lower floor.
You have a pair of large antennae on your head. (SInv)
Your four strong arms can wield two-handed weapons with a shield.


Message History

The howler monkey hits you but does no damage.
The wyvern barely misses you. The bullfrog hits you.
* * * LOW HITPOINT WARNING * * *
You spin and attack the bullfrog repeatedly.
You hit the bullfrog.
The bullfrog is lightly wounded.
You barely miss the bullfrog.
The bullfrog is lightly wounded.
The bullfrog closely misses you. The wyvern bites you!
* * * LOW HITPOINT WARNING * * *
The bullfrog hits you but does no damage.
Unknown command.
The wyvern attacks as it pursues you! The wyvern bites you!
* * * LOW HITPOINT WARNING * * *
The wyvern bites you but does no damage.
The bullfrog hits you.
* * * LOW HITPOINT WARNING * * *
You hit the wyvern.
The wyvern is severely wounded.
The wyvern bites you but does no damage.
The bullfrog hits you but does no damage.
You closely miss the wyvern.
The wyvern is severely wounded.
The wyvern bites you!
* * * LOW HITPOINT WARNING * * *
The bullfrog barely misses you. You block the wyvern's attack.
You hit the wyvern.
The wyvern is severely wounded.
You block the bullfrog's attack. The wyvern closely misses you.
The bullfrog hits you but does no damage.
You hit the wyvern.
The wyvern is almost dead.
The wyvern barely misses you. The bullfrog hits you.
* * * LOW HITPOINT WARNING * * *
You closely miss the wyvern.
The wyvern is almost dead.
The wyvern bites you.
* * * LOW HITPOINT WARNING * * *
The bullfrog barely misses you. The wyvern bites you!
You die...

#########......
..............
............#
............#
............#####
.................
.........h.......
#########lF.####
#@..# #######...#
..........##########
...................#
########...........#
#...........#
#...........#
#...........# .
#...........#


You could see a wyvern, a bullfrog and a howler monkey.

Vanquished Creatures
  A troll (D:9)
  Sigmund (D:6)
  5 yaks (D:8)
  3 steam dragons
  2 water moccasins
  2 ice beasts
  2 orc warriors
  A sky beast (D:8)
  An ogre (D:6)
  5 centaurs
  2 phantoms (D:5)
  3 bullfrogs
  5 scorpions
  8 wights
  5 killer bees (D:8)
  2 howler monkeys
  A jelly (D:3)
  Crazy Yiuf (D:3)
  3 orc priests
  8 hounds
  Jessica (D:3)
  An iguana (D:6)
  2 sleepcaps
  3 orc wizards
  Robin (D:3)
  14 gnolls
  4 adders
  3 river rats (D:6)
  A shadow imp (D:7)
  3 white imps
  2 ufetubi (D:5)
  3 worms
  5 dart slugs
  19 orcs
  11 ball pythons
  6 endoplasms
  3 giant cockroaches
  18 goblins
  6 hobgoblins
  6 jackals (D:3)
  4 quokkas
  8 bats
  3 frilled lizards
  10 kobolds
  6 rats
204 creatures vanquished.

Notes
Turn   | Place    | Note
-------+----------+-------------------------------------------
     0 | D:1      | Ivernyr the Formicid Fighter began the quest for the Orb.
     0 | D:1      | Reached XP level 1. HP: 18/18 MP: 1/1
    54 | D:1      | Reached XP level 2. HP: 24/24 MP: 2/2
   209 | D:1      | Reached XP level 3. HP: 27/29 MP: 3/3
   641 | D:2      | Reached XP level 4. HP: 36/37 MP: 4/4
   926 | D:2      | Identified the +5 rapier "Roruaz" {flame, Dex+2}
  1611 | D:3      | Noticed Jessica
  1621 | D:3      | Killed Jessica
  1622 | D:3      | Reached XP level 5. HP: 42/42 MP: 5/5
  1631 | D:3      | Noticed Robin
  1695 | D:3      | Killed Robin
  1789 | D:3      | Found a runed translucent door.
  1790 | D:3      | Noticed Crazy Yiuf
  1843 | D:3      | Reached skill level 5 in Shields
  1853 | D:3      | Killed Crazy Yiuf
  1906 | D:3      | Reached XP level 6. HP: 42/48 MP: 6/6
  2803 | D:4      | Found an ancient bone altar of Kikubaaqudgha.
  2894 | D:4      | Reached XP level 7. HP: 55/55 MP: 7/7
  3211 | D:5      | Entered Level 5 of the Dungeon
  3247 | D:5      | Reached skill level 5 in Staves
  3336 | D:5      | Reached skill level 5 in Armour
  3338 | D:5      | Reached skill level 5 in Fighting
  3507 | D:5      | Found a glowing golden altar of the Shining One.
  3517 | D:5      | Reached XP level 8. HP: 50/62 MP: 8/8
  3681 | D:5      | Identified the +9 scimitar "Nuhekk" {speed, Will+}
  4010 | D:6      | Noticed Sigmund
  4157 | D:6      | Killed Sigmund
  4281 | D:6      | Reached XP level 9. HP: 69/69 MP: 9/9
  4598 | D:6      | Found a transporter.
  4602 | D:6      | Found Maheileu's Distillery.
  4671 | D:6      | Found a staircase to the Ecumenical Temple.
  4677 | Temple   | Entered the Ecumenical Temple
  4697 | Temple   | Became a worshipper of the Wu Jian Council
  4739 | D:6      | Found a hide-covered altar of Uskayaw.
  5028 | D:6      | Found a transporter.
  5068 | D:6      | Found Juulopui's Magic Scroll Shoppe.
  5524 | D:7      | Reached XP level 10. HP: 69/79 MP: 10/10
  6529 | D:8      | Found a large runed translucent door.
  6529 | D:8      | Found a large runed translucent door.
  6538 | D:8      | Noticed Ivernyr's ghost (novice FoFi)
  6650 | D:8      | Reached * piety under Wu Jian
  7092 | D:9      | HP: 3/80 [wyvern (4)]
  7092 | D:9      | Mangled by a wyvern

Illustrated notes

Levels and vault maps discovered:
D:1:      lightli_molten_gateway, layout_basic, minmay_hexomino_p4
D:2:      layout_basic, hangedman_feature_mirror
D:3:      layout_basic, uniq_crazy_yiuf_cottage, uniq_jessica, uniq_robin
D:4:      layout_gridville, mainiacjoe_overflow_paths
D:5:      layout_rooms, mainiacjoe_overflow_brackets
D:6:      layout_basic, mainiacjoe_overflow_24_doors,
          minmay_temple_entry_offerings, serial_shops, nicolae_shop_rolled_up,
          nicolae_shop_drivethru, lightli_sewer_entry_pipes,
          serial_library_hellmonk_statue_hall, minmay_fractal_squares_gapless_5,
          uniq_sigmund
D:7:      layout_basic, grunt_decor_junction, reono_crystal_passage,
          hangedman_decor_push
D:8:      layout_rooms, ebering_ghost_disaster_area
D:9:      layout_long_grid, uniq_pikel
Temple:   eino_temple_rhombus

Skill      XL: |  1  2  3  4  5  6  7  8  9 10 |
---------------+-------------------------------+-----
Staves         | 3 4 5 6 8 9 |  9.9
Fighting       | 4 5 6 7 8 |  8.2
Armour         | 4 5 6 7 8 |  8.2
Shields        | 5 6 7 8 9 |  9.7

Action                     |  1- 3 |  4- 6 |  7- 9 | 10-12 || total
---------------------------+-------+-------+-------+-------++-------
  Melee: Quarterstaff      |    71 |   163 |    78 |       ||   312
         Scimitar          |       |       |   150 |   162 ||   312
Ability: Lunge             |       |       |     7 |    12 ||    19
         Whirlwind         |       |       |       |     5 ||     5
   Stab: Confused          |       |       |     1 |       ||     1
 Armour: Scale mail        |    59 |   125 |   170 |    99 ||   453
         Troll leather arm |       |       |       |    30 ||    30
  Dodge: Dodged            |    28 |    70 |    88 |    57 ||   243
  Block: Buckler           |    19 |    51 |    58 |    51 ||   179

Table legend: (Time is in decaauts)
 A = Elapsed time spent in this place.
 B = Non-inter-level travel time spent in this place.
 C = Inter-level travel time spent in this place.
 D = Time resting spent in this place.
 E = Time spent auto-exploring this place.
 F = Levels seen in this place.
 G = Mean time per level.
                   A        B        C        D        E       F      G
               +--------+--------+--------+--------+--------+-----+--------+
         Total |   7144 |   6970 |    174 |    582 |   4774 |  10 |  714.4 |
       Dungeon |   7106 |   6932 |    174 |    582 |   4774 |   9 |  789.6 |
        Temple |     37 |     37 |      0 |      0 |      0 |   1 |   37.0 |
               +--------+--------+--------+--------+--------+-----+--------+

Top non-repeatable levels by time:
     D:7: 1088 daAuts
     D:6: 1064 daAuts
     D:3: 1043 daAuts
     D:2: 1018 daAuts
     D:5: 931 daAuts
     D:1: 606 daAuts
     D:4: 581 daAuts
     D:8: 575 daAuts
     D:9: 196 daAuts
  Temple: 37 daAuts
